 Dungeon Crawl Stone Soup version 0.21.1 (webtiles) character file.

1313 tidbits the Charmwright (level 8, 7/64 HPs)
             Began as a Gnoll Skald on Feb 2, 2018.
             Was a Follower of Cheibriados.
             Quit the game on level 8 of the Dungeon on Feb 3, 2018.
             The game lasted 00:14:18 (1478 turns).

tidbits the Charmwright (Gnoll Skald)               Turns: 1478, Time: 00:14:19

Health: 7/64       AC:  3    Str: 15    XL:     8   Next: 58%
Magic:  17/17      EV: 15    Int: 20    God:    Cheibriados [*.....]
Gold:   182        SH:  0    Dex: 17    Spells: 8/19 levels left

rFire    + . .     SeeInvis .   p - +0 hand axe
rCold    . . .     Gourm    .   (no shield)
rNeg     . . .     Faith    .   b - +0 leather armour
rPois    .         Spirit   .   (no helmet)
rElec    .         Reflect  .   (no cloak)
rCorr    .         Harm     .   (no gloves)
MR       .....                  (no boots)
Stlth    +.........             m - amulet of rage
HPRegen  0.20/turn              k - ring of protection from cold
MPRegen  0.15/turn              t - ring of fire

@: confused, very slow
A: distributed training, fangs 1, strong nose
a: Bend Time, Renounce Religion, Evoke Berserk Rage


You were on level 8 of the Dungeon.
You worshipped Cheibriados.
Cheibriados was aware of your devotion.
You were not hungry.

You visited 2 branches of the dungeon, and saw 10 of its levels.

You collected 182 gold pieces.

Inventory:

Hand Weapons
 a - a -3 war axe
 g - a +1 dagger of protection
   (You took it off a goblin on level 1 of the Dungeon)
 o - a +0 blowgun
 p - a +0 hand axe (weapon)
Missiles
 s - 5 poisoned needles
Armour
 b - a +0 leather armour (worn)
 l - a +0 ring mail
 q - a +2 scale mail of fire resistance
   (You took it off an orc priest on level 4 of the Dungeon)
Jewellery
 k - a ring of protection from cold (left hand)
   (You found it on level 2 of the Dungeon)
 m - an amulet of rage (around neck)
   (You found it on level 3 of the Dungeon)
 t - a ring of fire (right hand)
   (You found it on level 7 of the Dungeon)
Wands
 h - a wand of polymorph (9)
Scrolls
 e - a scroll of noise {unknown}
 f - a scroll of teleportation {unknown}
 i - 2 scrolls of amnesia
 n - a scroll of fear
 r - a scroll of remove curse
Potions
 j - a potion of magic
Books
 c - a book of Battle

   Spells                             Type                      Level
   a - Infusion                       Charms                       1
   b - Shroud of Golubria             Charms/Translocation         2
   c - Song of Slaying                Charms                       2
   d - Spectral Weapon                Hexes/Charms                 3
   e - Regeneration                   Charms/Necromancy            3
Comestibles
 d - 7 rations


   Skills:
 + Level 5.7 Fighting
 + Level 3.3 Short Blades
 + Level 3.3 Long Blades
 + Level 5.7 Axes
 + Level 3.3 Maces & Flails
 + Level 3.3 Polearms
 + Level 3.3 Staves
 + Level 3.3 Slings
 + Level 3.3 Bows
 + Level 3.3 Crossbows
 + Level 3.3 Throwing
 + Level 4.2 Armour
 + Level 5.7 Dodging
 + Level 3.3 Stealth
 + Level 3.3 Shields
 + Level 3.3 Unarmed Combat
 + Level 6.1 Spellcasting
 + Level 2.7 Conjurations
 + Level 2.7 Hexes
 + Level 6.1 Charms
 + Level 2.7 Summonings
 + Level 2.7 Necromancy
 + Level 2.7 Translocations
 + Level 2.7 Transmutations
 + Level 2.7 Fire Magic
 + Level 2.7 Ice Magic
 + Level 2.7 Air Magic
 + Level 2.7 Earth Magic
 + Level 2.7 Poison Magic
 + Level 3.6 Invocations
 + Level 3.3 Evocations


You had 8 spell levels left.
You knew the following spells:

 Your Spells              Type           Power        Failure   Level  Hunger
g - Shroud of Golubria    Chrm/Tloc      ###.......   3%          2    None
i - Infusion              Chrm           ####         1%          1    None
r - Regeneration          Chrm/Necr      ###.......   6%          3    ##.....
w - Spectral Weapon       Hex/Chrm       ###.....     6%          3    ##.....
y - Song of Slaying       Chrm           ####....     1%          2    None


Dungeon Overview and Level Annotations

Branches:
Dungeon (9/15)             Temple (1/1) D:6
   Lair: D:8-11         Orc: D:9-12

Altars:
Cheibriados
Fedhas
Gozag
Hepliaklqana
Makhleb
Qazlal
Ru
Trog
Vehumet
Wu Jian
The Shining One

Annotations:
D:6 Dowan, Duvessa


Innate Abilities, Weirdness & Mutations

Your experience applies equally to all skills.
You have very sharp teeth.
Your uncanny sense of smell can sniff out nearby items.


Message History

There is a stone staircase leading down here.
You climb downwards.
There is a stone staircase leading up here.
Unknown command.
An adder skeleton comes into view.
The adder skeleton misses you.
You slash the adder skeleton!
The adder skeleton is heavily damaged.
The adder skeleton closely misses you.
Casting: Spectral Weapon
Confirm with . or Enter, or press ? or * to list all spells.
You draw out your weapon's spirit!
The adder skeleton bites you.
You hit the adder skeleton.
The adder skeleton is almost destroyed.
Your spectral weapon hits the adder skeleton!
You destroy the adder skeleton!
Cheibriados appreciates the change of pace.
There is a stone staircase leading up here.
You climb upwards.
Your summoned ally is left behind.
Your spectral weapon fades away.
You hear the roar of battle.
There is an entrance to a bailey on this level.
Hurry and find it before the portal closes forever!
There is a stone staircase leading down here.
An orc priest comes into view. It is wielding a flail.
The orc priest shouts!
The orc priest moves out of view.
A quokka zombie comes into view.
The orc wizard points at you and mumbles some strange words.
You are confused.
You hear a shout!
An ogre comes into view. It is wielding a giant club.
Okay, then.
You're too confused to move!
The ogre shouts!
An orc comes into view. It is wielding a whip.
The orc wizard points at you and mumbles some strange words.
The magic dart hits you!
The orc priest invokes the aid of Beogh against you.
Beogh smites you!
The orc wizard gestures at you while chanting.
You are more confused.
Unknown command.
You're too confused to cast spells.
Wield which item (- for none, * to show all)? (? for menu, Esc to quit)
Okay, then.
Unknown command.
You completely miss the orc wizard. You hit the quokka zombie.
The quokka zombie closely misses you.
Unknown command.
You completely miss the orc wizard. You hit the quokka zombie.
The orc wizard hits you but does no damage.
The quokka zombie misses you.
An orc and an orc wizard come into view.
The orc is wielding a short sword of speed.
The orc shouts!
The orc wizard shouts!
You hit the orc wizard but do no damage.
You hit the orc but do no damage. You hit the quokka zombie.
You destroy the quokka zombie!
Cheibriados appreciates the change of pace.
You hear a shout! x2
The orc wizard mumbles some strange words.
The orc wizard blinks!
The orc wizard hits you with a dagger of protection.
The orc priest calls down the wrath of Beogh upon you.
Beogh smites you!
* * * LOW HITPOINT WARNING * * *
Unknown command.
You bump into the rock wall.
The orc hits you with a dagger.
* * * LOW HITPOINT WARNING * * *
The orc wizard completely misses you.
An orc wizard and a zombie come into view.
Unknown command.
You hit the orc but do no damage. You bite the orc.
The orc is moderately wounded.
You barely miss the orc wizard. You closely miss the orc.
The orc barely misses you.
The orc wizard hits you with a dagger of protection.
* * * LOW HITPOINT WARNING * * *
The orc barely misses you.
You closely miss the orc wizard. You completely miss the orc.
You closely miss the orc. The orc barely misses you.
The orc wizard barely misses you.
The orc shouts!
You hit the orc wizard but do no damage.
You hit the orc. x2; The orc closely misses you. x2
The orc wizard hits you but does no damage.
You hit the orc.
You kill the orc!
Cheibriados appreciates the change of pace.
Cheibriados slows and strengthens your metabolism.
Cheibriados raises the support of your attributes as your movement slows.
You barely miss the orc wizard. You hit the orc but do no damage.
The orc hits you with a flail!
* * * LOW HITPOINT WARNING * * *
The orc wizard completely misses you.
The orc priest invokes the aid of Beogh against you.
Beogh smites you!
* * * LOW HITPOINT WARNING * * *
A jackal comes into view.
Are you sure you want to abandon this character and quit the game? (Confirm with "yes".)

... . .. . #. ..
..##. . ....# .# # .
#..###.##.# #.
#.o......## #.
#ooZ......
####.###@O....###
##......o...####
...oo...>##..#
......o..# #.###
..h......###...#
....##.........###.#
... ######........#
.. ##.<.##### #####


You could see an ogre, an orc priest, 3 orc wizards, 3 orcs, a bullfrog zombie
and a jackal (wandering).

Vanquished Creatures
  The ghost of 1player the Slasher, an amateur MiMo of Wu Jian (D:4)
  An orc warrior (D:7)
  3 phantoms
  A black bear (D:7)
  An ogre (D:5)
  A sky beast (D:5)
  A big kobold (D:7)
  3 crimson imps
  4 bullfrog zombies
  2 orc priests (D:4)
  An orc wizard (D:7)
  A howler monkey zombie (D:6)
  A worker ant zombie (D:6)
  8 adders
  3 adder skeletons
  A dart slug (D:1)
  2 leopard geckos
  7 orcs
  A ball python (D:4)
  3 bats
  2 goblins
  4 hobgoblins
  7 jackals (D:2)
  8 kobolds
  A quokka (D:5)
  3 frilled lizards
  3 quokka zombies
  4 rats
78 creatures vanquished.

Vanquished Creatures (others)
  A goblin (D:3)
  A ball python (D:3)
2 creatures vanquished.

Grand Total: 80 creatures vanquished

Notes
Turn   | Place    | Note
-------+----------+-------------------------------------------
     0 | D:1      | tidbits the Gnoll Skald began the quest for the Orb.
     0 | D:1      | Reached XP level 1. HP: 20/20 MP: 6/6
   154 | D:1      | Reached XP level 2. HP: 26/26 MP: 3/7
   158 | D:1      | Learned a level 2 spell: Song of Slaying
   161 | D:1      | Learned a level 2 spell: Shroud of Golubria
   265 | D:1      | Reached XP level 3. HP: 9/31 MP: 0/9
   270 | D:1      | Learned a level 3 spell: Regeneration
   274 | D:1      | Learned a level 3 spell: Spectral Weapon
   375 | D:2      | Reached skill level 5 in Spellcasting
   416 | D:2      | Reached skill level 1 in Invocations
   463 | D:2      | Reached skill level 1 in Short Blades
   463 | D:2      | Reached skill level 1 in Long Blades
   463 | D:2      | Reached skill level 1 in Maces & Flails
   463 | D:2      | Reached skill level 1 in Polearms
   463 | D:2      | Reached skill level 1 in Staves
   463 | D:2      | Reached skill level 1 in Slings
   463 | D:2      | Reached skill level 1 in Bows
   463 | D:2      | Reached skill level 1 in Crossbows
   463 | D:2      | Reached skill level 1 in Throwing
   463 | D:2      | Reached skill level 1 in Stealth
   463 | D:2      | Reached skill level 1 in Shields
   463 | D:2      | Reached skill level 1 in Unarmed Combat
   463 | D:2      | Reached skill level 1 in Evocations
   463 | D:2      | Reached XP level 4. HP: 23/38 MP: 4/11
   596 | D:3      | Reached skill level 1 in Conjurations
   596 | D:3      | Reached skill level 1 in Hexes
   596 | D:3      | Reached skill level 1 in Summonings
   596 | D:3      | Reached skill level 1 in Necromancy
   596 | D:3      | Reached skill level 1 in Translocations
   596 | D:3      | Reached skill level 1 in Transmutations
   596 | D:3      | Reached skill level 1 in Fire Magic
   596 | D:3      | Reached skill level 1 in Ice Magic
   596 | D:3      | Reached skill level 1 in Air Magic
   596 | D:3      | Reached skill level 1 in Earth Magic
   596 | D:3      | Reached skill level 1 in Poison Magic
   633 | D:5      | Entered Level 5 of the Dungeon
   633 | D:5      | Noticed a sky beast
   643 | D:5      | Killed a sky beast
   643 | D:5      | Reached skill level 3 in Armour
   643 | D:5      | Reached XP level 5. HP: 21/43 MP: 4/12
   647 | D:5      | Reached XP level 6. HP: 12/50 MP: 5/13
   653 | D:5      | Reached skill level 2 in Invocations
   708 | D:4      | Reached skill level 5 in Fighting
   708 | D:4      | Reached skill level 5 in Axes
   708 | D:4      | Reached skill level 5 in Dodging
   774 | D:4      | Reached skill level 2 in Short Blades
   774 | D:4      | Reached skill level 2 in Long Blades
   774 | D:4      | Reached skill level 2 in Maces & Flails
   774 | D:4      | Reached skill level 2 in Polearms
   774 | D:4      | Reached skill level 2 in Staves
   774 | D:4      | Reached skill level 2 in Slings
   774 | D:4      | Reached skill level 2 in Bows
   774 | D:4      | Reached skill level 2 in Crossbows
   774 | D:4      | Reached skill level 2 in Throwing
   774 | D:4      | Reached skill level 2 in Stealth
   774 | D:4      | Reached skill level 2 in Shields
   774 | D:4      | Reached skill level 2 in Unarmed Combat
   774 | D:4      | Reached skill level 2 in Evocations
   810 | D:4      | Noticed a phantom
   818 | D:4      | Noticed 1player's ghost (amateur MiMo)
   825 | D:4      | Killed 1player's ghost
   825 | D:4      | Reached XP level 7. HP: 51/56 MP: 2/15
   851 | D:4      | Reached skill level 2 in Conjurations
   851 | D:4      | Reached skill level 2 in Hexes
   851 | D:4      | Reached skill level 2 in Summonings
   851 | D:4      | Reached skill level 2 in Necromancy
   851 | D:4      | Reached skill level 2 in Translocations
   851 | D:4      | Reached skill level 2 in Transmutations
   851 | D:4      | Reached skill level 2 in Fire Magic
   851 | D:4      | Reached skill level 2 in Ice Magic
   851 | D:4      | Reached skill level 2 in Air Magic
   851 | D:4      | Reached skill level 2 in Earth Magic
   851 | D:4      | Reached skill level 2 in Poison Magic
   943 | D:5      | Found a hazy altar of Hepliaklqana.
  1009 | D:6      | Reached skill level 3 in Invocations
  1027 | D:6      | Found a radiant altar of Vehumet.
  1075 | D:6      | Found a staircase to the Ecumenical Temple.
  1116 | Temple   | Entered the Ecumenical Temple
  1130 | Temple   | Became a worshipper of Cheibriados the Contemplative
  1217 | D:7      | Reached skill level 6 in Charms
  1217 | D:7      | Reached XP level 8. HP: 55/63 MP: 11/16
  1268 | D:7      | Reached skill level 3 in Short Blades
  1268 | D:7      | Reached skill level 3 in Long Blades
  1268 | D:7      | Reached skill level 3 in Maces & Flails
  1268 | D:7      | Reached skill level 3 in Polearms
  1268 | D:7      | Reached skill level 3 in Staves
  1268 | D:7      | Reached skill level 3 in Slings
  1268 | D:7      | Reached skill level 3 in Bows
  1268 | D:7      | Reached skill level 3 in Crossbows
  1268 | D:7      | Reached skill level 3 in Throwing
  1268 | D:7      | Reached skill level 4 in Armour
  1268 | D:7      | Reached skill level 3 in Stealth
  1268 | D:7      | Reached skill level 3 in Shields
  1268 | D:7      | Reached skill level 3 in Unarmed Combat
  1268 | D:7      | Reached skill level 3 in Evocations
  1287 | D:7      | Reached skill level 6 in Spellcasting
  1323 | D:6      | Noticed Dowan
  1324 | D:6      | Noticed Duvessa
  1477 | D:8      | Reached * piety under Cheibriados
  1478 | D:8      | Quit the game

Skill      XL: |  1  2  3  4  5  6  7  8 |
---------------+-------------------------+-----
Spellcasting   | 5 6 |  6.1
Invocations    | 1 2 3 |  3.6
Short Blades   | 1 2 3 |  3.3
Long Blades    | 1 2 3 |  3.3
Maces & Flails | 1 2 3 |  3.3
Polearms       | 1 2 3 |  3.3
Staves         | 1 2 3 |  3.3
Slings         | 1 2 3 |  3.3
Bows           | 1 2 3 |  3.3
Crossbows      | 1 2 3 |  3.3
Throwing       | 1 2 3 |  3.3
Stealth        | 1 2 3 |  3.3
Shields        | 1 2 3 |  3.3
Unarmed Combat | 1 2 3 |  3.3
Evocations     | 1 2 3 |  3.3
Conjurations   | 1 2 |  2.7
Hexes          | 1 2 |  2.7
Summonings     | 1 2 |  2.7
Necromancy     | 1 2 |  2.7
Translocations | 1 2 |  2.7
Transmutations | 1 2 |  2.7
Fire Magic     | 1 2 |  2.7
Ice Magic      | 1 2 |  2.7
Air Magic      | 1 2 |  2.7
Earth Magic    | 1 2 |  2.7
Poison Magic   | 1 2 |  2.7
Armour         | 3 4 |  4.2
Fighting       | 5 |  5.7
Axes           | 5 |  5.7
Dodging        | 5 |  5.7
Charms         | 6 |  6.1

Action                   |  1- 3 |  4- 6 |  7- 9 || total
-------------------------+-------+-------+-------++-------
Melee: Hand axe          |    55 |    62 |    87 ||   204
       Bite              |     6 |     8 |    14 ||    28
       Dagger            |       |    20 |       ||    20
       Punch             |       |       |     1 ||     1
       War axe           |       |       |    16 ||    16
 Cast: Infusion          |     6 |       |     1 ||     7
       Spectral Weapon   |     2 |     9 |    14 ||    25
       Song of Slaying   |     2 |     1 |     2 ||     5
       Regeneration      |     1 |     5 |     4 ||    10
       Shroud of Golubri |       |     1 |     8 ||     9
 Abil: Evoke Berserk Rag |       |     1 |       ||     1
  Use: Scroll            |       |     3 |     5 ||     8
 Stab: Sleeping          |     1 |       |       ||     1
       Distracted        |       |     1 |     2 ||     3
  Eat: Ration            |       |     2 |       ||     2
Armor: Leather armour    |     6 |    17 |    15 ||    38
Dodge: Dodged            |    37 |    53 |    93 ||   183

Table legend:
 A = Turns spent in this place as a percentage of turns spent in the entire game.
 B = Non-inter-level travel turns spent in this place as a percentage of non-inter-level travel turns spent in the entire game.
 C = Inter-level travel turns spent in this place as a percentage of turns spent in this place.
 D = Turns resting spent in this place as a percentage of non-inter-level travel turns spent in this place.
 E = Turns spent auto-exploring this place as a percentage of non-inter-level travel turns spent in this place.
 F = Non-inter-level travel turns spent in this place divided by the number of levels of this place that you've seen.
                   A       B       C       D       E      F
               +-------+-------+-------+-------+-------+----------------------
         Total | 100.0 | 100.0 |   3.2 |   0.0 |   0.0 | 143.1
       Dungeon |  98.0 |  98.9 |   2.3 |   0.0 |   0.0 | 157.2
        Temple |   2.0 |   1.1 |  44.8 |   0.0 |   0.0 |  16.0
               +-------+-------+-------+-------+-------+----------------------

Table legend:
 A = Kills in this place as a percentage of kills in entire the game.
 B = Kills by you in this place as a percentage of kills by you in the entire game.
 C = Kills by friends in this place as a percentage of kills by friends in the entire game.
 D = Other kills in this place as a percentage of other kills in the entire game.
 E = Experience gained in this place as a percentage of experience gained in the entire game.
 F = Experience gained in this place divided by the number of levels of this place that you have seen.
                   A       B       C       D       E      F
               +-------+-------+-------+-------+-------+----------------------
         Total | 100.0 | 100.0 |   N/A |   N/A | 100.0 | 187.6
       Dungeon | 100.0 | 100.0 |   N/A |   N/A | 100.0 | 208.4
               +-------+-------+-------+-------+-------+----------------------

Vault maps used:
D:1:      minmay_arrival_nine_rooms, minmay_tripent
D:3:      gammafunk_steamed_eel, elyvilon_altar_4, first_ration
D:4:      ashenzari_altar_1, uniq_crazy_yiuf_cottage
D:5:      lemuel_coloured_pillars_altar, nemelex_spade_bored_becter
D:6:      vehumet_crystals, temple_pool_b, serial_undead, serial_undead_f,
          serial_undead_d, serial_undead_b, serial_undead_f, serial_undead_a,
          serial_undead_c, glass_columns_b, uniq_duvessa, uniq_blork_the_orc
D:7:      kennysheep_little_box
D:8:      enter_bailey_2, blue_anna_alchemist, dk_rats_in_the_wall
D:9:      zombieorc2_lemuel, dk_noncrumbling_2, minmay_splitting_lines
Temple:   compressed_dpeg_circular_temple
